 Dungeon Crawl Stone Soup version 0.29.1-12-g30fa7ad0bf (webtiles) character file.

Game seed: 12491963595663125189

366 GeoRichter the Charlatan (level 6, -3/46 HPs)
             Began as a Demonspawn Artificer on Dec 24, 2022.
             Was an Initiate of Hepliaklqana.
             Slain by Menkaure (10 damage)
             ... on level 4 of the Dungeon.
             The game lasted 00:08:04 (5714 turns).

GeoRichter the Charlatan (Demonspawn Artificer)     Turns: 5714, Time: 00:08:05

Health: -3/46      AC:  7    Str: 15    XL:     6   Next: 40%
Magic:  6/6        EV: 10    Int: 12    God:    Hepliaklqana [......]
Gold:   118        SH:  0    Dex: 13    Spells: 5/5 levels left

rFire   . . .      SeeInvis .   o - +0 flail
rCold   . . .      Faith    .   (no shield)
rNeg    . . .      Spirit   .   n - +0 ring mail
rPois   .          Reflect  .   (no helmet)
rElec   .          Harm     .   (cloak unavailable)
rCorr   .          Rampage  .   (no gloves)
Will    .....                   (no boots)
Stlth   +.........              (no amulet)
HPRegen 0.15/turn               (no ring)
MPRegen 0.10/turn               (no ring)

@: no status effects
A: yellow scales 1, weakness stinger 3
a: Renounce Religion


You were on level 4 of the Dungeon.
You worshipped Hepliaklqana.
Hepliaklqana was noncommittal.
You visited 1 branch of the dungeon, and saw 4 of its levels.

You collected 118 gold pieces.

Inventory:

Hand Weapons
 g - a +0 whip
   (You found it on level 1 of the Dungeon)
 o - a +0 flail (weapon)
   (You took it off an orc on level 2 of the Dungeon)
Armour
 n - a +0 ring mail (worn)
   (You found it on level 1 of the Dungeon)
 q - a +0 helmet
   (You found it on level 3 of the Dungeon)
Wands
 c - a wand of flame (2) (quivered)
 d - a wand of charming (17)
 e - a wand of iceblast (3)
Scrolls
 a - 3 scrolls of identify {@r1}
 b - 2 scrolls of teleportation {@r4}
 f - a scroll of amnesia {unknown}
 h - 2 scrolls of enchant armour {unknown}
 i - a scroll of summoning {unknown}
 j - 2 scrolls of immolation {!r}
Potions
 k - a potion of lignification {!q}
 l - a potion of attraction {!q}
 m - a potion of haste {unknown}
 p - a potion of heal wounds {unknown}
 r - 2 potions of flight {unknown}


   Skills:
 + Level 2.4 Fighting
 * Level 2.8 Maces & Flails
 - Level 1.7 Armour
 - Level 0.8 Dodging
 - Level 0.8 Stealth
 - Level 6.0 Evocations


You had 5 spell levels left.
You didn't know any spells.
Your spell library was empty.

Dungeon Overview and Level Annotations

Branches:
Dungeon (4/15) Zot: 18219
 Temple: D:4-7

Altars:
Hepliaklqana
Trog

Shops:
D:3 [

Annotations:
D:4 Menkaure


Innate Abilities, Weirdness & Mutations

You are partially covered in yellow scales. (AC +2)
You have a sharp stinger which inflicts weakening toxins.


Message History

You hit the dart slug. The dart slug barely misses you.
You thump the dart slug!
You kill the dart slug!
No target in view!
You now have 118 gold pieces (gained 15).
You see here a dart slug corpse.
You see here a dart slug corpse.
A kobold comes into view. It is wielding a +0 dagger.
The kobold shouts!
A kobold is nearby!
You closely miss the kobold.
The kobold hits you but does no damage. x2
You closely miss the kobold. Your punch misses the kobold.
The kobold closely misses you.
You sock the kobold!
You kill the kobold!
No target in view!
No target in view!
Found a hand axe.
An orc comes into view. It is wielding a +0 club.
An orc is nearby!
An orc is nearby!
Menkaure, Prince of Dust comes into view.
Menkaure shouts!
Aim: an orc, wielding a +0 club and wearing a +0 leather armour (chance to affect: 79%)
The orc is charmed.
You swap places.
Aim: Menkaure (88% to hit)
The puff of flame hits Menkaure!
Menkaure is burned terribly!
Menkaure completely misses your orc.
Your orc hits Menkaure with a +0 club.
You swap places.
Menkaure closely misses you.
You sock Menkaure!
You tail-slap Menkaure, but do no damage.
Menkaure closely misses you.
You hit Menkaure but do no damage. You tail-slap Menkaure. Menkaure hits you!
Menkaure gestures wildly while chanting.
Menkaure seems to speed up.
Menkaure casts a spell at you.
Your orc writhes in agony!
Your orc dies!
Menkaure hits you!
* * * LOW HITPOINT WARNING * * *
Things that are here:
a +0 club; a +0 leather armour You hit Menkaure.
Menkaure whispers drily.
Menkaure hits you!
* * * LOW HITPOINT WARNING * * *
Menkaure hits you!
You die...

### ### #.. ..# #.#
#.#######.#
.###########
##.#........
..).....M@.#
##....#####.#
##########.###.....##
#.# #.##.......# #.#
#..........# #.#
####...)...####.#
##...........#
##...######## #####


You could see Menkaure (fast).

Vanquished Creatures
  A water moccasin (D:4)
  4 orc priests
  3 adders
  2 worms
  7 dart slugs
  12 orcs
  4 endoplasms
  5 giant cockroaches
  5 goblins
  5 hobgoblins
  8 jackals
  A quokka (D:1)
  6 ball pythons
  2 bats (D:2)
  12 frilled lizards
  6 kobolds
  8 rats
91 creatures vanquished.

Vanquished Creatures (collateral kills)
  An orc (D:4)
1 creature vanquished.

Vanquished Creatures (others)
  5 orcs
5 creatures vanquished.

Grand Total: 97 creatures vanquished

Notes
Turn   | Place    | Note
-------+----------+-------------------------------------------
     0 | D:1      | GeoRichter the Demonspawn Artificer began the quest for the
                  | Orb.
     0 | D:1      | Reached XP level 1. HP: 15/15 MP: 1/1
   300 | D:1      | Gained mutation: You have a small tail. [demonic ancestry]
   300 | D:1      | Reached XP level 2. HP: 21/21 MP: 2/2
   675 | D:1      | Reached skill level 4 in Evocations
  1524 | D:1      | Reached XP level 3. HP: 20/26 MP: 3/3
  2675 | D:2      | Gained mutation: You have a tail ending in a sharp stinger.
                  | [demonic ancestry]
  2675 | D:2      | Reached XP level 4. HP: 32/32 MP: 4/4
  2766 | D:2      | Reached skill level 5 in Evocations
  3573 | D:3      | Found Queh's Antique Armour Shop.
  3900 | D:3      | Found a bloodstained altar of Trog.
  4045 | D:3      | Gained mutation: You are partially covered in yellow
                  | scales. (AC +2) [demonic ancestry]
  4045 | D:3      | Reached XP level 5. HP: 36/37 MP: 5/5
  4189 | D:3      | Reached skill level 6 in Evocations
  4292 | D:3      | Found a hazy altar of Hepliaklqana.
  4326 | D:3      | Became a worshipper of Hepliaklqana the Forgotten
  4603 | D:3      | Found a faded altar of an unknown god.
  4676 | D:3      | Reached skill level 1 in Maces & Flails
  5629 | D:4      | Noticed a water moccasin
  5632 | D:4      | Killed a water moccasin
  5633 | D:4      | Gained mutation: You have a sharp stinger which inflicts
                  | weakening toxins. [demonic ancestry]
  5633 | D:4      | Reached XP level 6. HP: 45/45 MP: 6/6
  5696 | D:4      | Noticed Menkaure
  5714 | D:4      | Slain by Menkaure

Illustrated notes

Levels and vault maps discovered:
D:1:      lightli_arrival_chessboard, layout_basic, grunt_decor_one_mirror,
          minmay_lizard_pond
D:2:      layout_rooms, serial_co_window_serial, co_window_corner_a,
          co_window_corner_a, co_window_of_opportunity_a, co_window_corner_a,
          co_window_corner_a, co_window_broadway_b, co_window_corner_b,
          co_window_corner_b, co_window_corner_b, co_window_broadway_c,
          glass_columns_c, glass_columns_b
D:3:      layout_loops_corners, nicolae_overflow_crystal_walls,
          general_overflow_altar, serial_shops, nicolae_diamond_shop,
          shapermc_ecumenical_altar_mp_vishouse
D:4:      layout_loops_ring, kennysheep_slug_shrine, uniq_grinder,
          uniq_menkaure, uniq_sigmund

Skill      XL: |  1  2  3  4  5 |
---------------+----------------+-----
Evocations     | 4 5 6 |  6.0
Maces & Flails | 2 |  2.8
Fighting       | 2 |  2.4
Armour         | |  1.7
Dodging        | |  0.8
Stealth        | |  0.8

Action                   |  1- 3 |  4- 6 || total
-------------------------+-------+-------++-------
Melee: Club              |     7 |       ||     7
       Whip              |   154 |       ||   154
       Tailslap          |    25 |    21 ||    46
       Punch             |     3 |     1 ||     4
       Flail             |     4 |   128 ||   132
Evoke: Wand              |     9 |    15 ||    24
  Use: Scroll            |       |     4 ||     4
 Stab: Sleeping          |     1 |       ||     1
Armor: Leather armour    |    22 |       ||    22
       Ring mail         |    28 |    60 ||    88
Dodge: Dodged            |    84 |    65 ||   149
